 Dungeon Crawl Stone Soup version 0.25-a0-589-g1e14c549ee (webtiles) character file.

Game seed: 12662819702345830812, levelgen mode: deterministic

39 vurker the Gusty (level 3, 15/15 HPs)
             Began as a Felid Air Elementalist on Mar 10, 2020.
             Quit the game on level 3 of the Dungeon.
             The game lasted 00:03:44 (3050 turns).

vurker the Gusty (Felid Air Elementalist)           Turns: 3050, Time: 00:03:45

Health: 15/15      AC:  1    Str:  4    XL:     3   Next: 28%
Magic:  8/8        EV: 18    Int: 17    God:
Gold:   142        SH:  0    Dex: 16    Spells: 4/7 levels left
                                        Lives:  0   Deaths: 1

rFire    + . .     SeeInvis +   (weapon unavailable)
rCold    . . .     Gourm    .   (shield unavailable)
rNeg     . . .     Faith    .   (armour unavailable)
rPois    .         Spirit   .   (helmet unavailable)
rElec    .         Reflect  .   (cloak unavailable)
rCorr    .         Harm     .   (gloves unavailable)
MR       .....                  (boots unavailable)
Stlth    +++.......             (no amulet)
HPRegen  0.05/turn              l - ring of protection from fire
MPRegen  0.11/turn              (no ring)

@: quick
A: very small, no armour, no weapons or thrown items, stealth, claws 1, fangs 3,
see invisible, carnivore, speed 1, shaggy fur 1, slow metabolism 1, sharp paws
a: no special abilities


You were on level 3 of the Dungeon.
You were not hungry.

You visited 1 branch of the dungeon, and saw 3 of its levels.

You collected 142 gold pieces.

Inventory:

Jewellery
 k - an uncursed ring of protection from cold
   (You took it off an orc on level 3 of the Dungeon)
 l - a ring of protection from fire (left paw)
   (You found it on level 3 of the Dungeon)
Scrolls
 a - 2 scrolls of remove curse {unknown}
 f - 2 scrolls of teleportation {unknown}
 h - 4 scrolls of identify {unknown}
 i - 2 scrolls of enchant armour {unknown}
 j - a scroll of magic mapping {unknown}
Potions
 b - 2 potions of ambrosia
 c - a potion of haste {unknown}
 d - 4 potions of curing {unknown}
 g - a potion of resistance {unknown}
Comestibles
 e - 8 rations


   Skills:
 + Level 1.3 Fighting
 - Level 2.6 Dodging
 - Level 2.6 Stealth
 * Level 2.9 Spellcasting
 + Level 1.5 Conjurations
 * Level 3.5 Air Magic


You had 4 spell levels left.
You knew the following spells:

 Your Spells              Type           Power        Failure   Level  Hunger
a - Shock                 Conj/Air       ##..         6%          1    None
w - Blink                 Tloc           N/A          26%         2    ##.....

Your spell library contained the following spells:

 Spells                   Type           Power        Failure   Level  Hunger
 Magic Dart               Conj           #...         10%         1    None
 Swiftness                Chrm/Air       #.......     13%         2    ##.....
 Static Discharge         Conj/Air       ##......     19%         3    ###....
 Call Imp                 Summ           #.......     26%         2    ##.....
 Slow                     Hex            #.......     26%         2    ##.....
 Mephitic Cloud           Conj/Pois/Air  #.......     26%         3    ###....
 Conjure Flame            Conj/Fire      #.......     36%         3    ###....
 Airstrike                Air            ##........   38%         4    ####...
 Lightning Bolt           Conj/Air       ##........   86%         5    ######.


Dungeon Overview and Level Annotations

Branches:
Dungeon (3/15)

Altars:
Fedhas
Makhleb
Zin
The Shining One


Innate Abilities, Weirdness & Mutations

You cannot wear armour.
You are incapable of wielding weapons or throwing items.
Your paws allow you to move quietly. (Stealth)
You have sharp claws.
You have razor-sharp teeth.
You have supernaturally acute eyesight. (SInv)
You are carnivorous and can eat meat at any time.
You cover ground quickly.
You are covered in fur. (AC +1)
You have a slow metabolism.
Your sharp claws are effective at attacking unaware monsters.


Message History

f - 2 scrolls labeled XAEDDU WUTI (gained 1)
Things that are here:
a stone; 5 sling bullets You can't see any susceptible monsters within range! (Use Z to cast anyway.)
You can't see any susceptible monsters within range! (Use Z to cast anyway.)
A jackal comes into view.
You see here a frilled lizard corpse.
A jackal is nearby!
A jackal is nearby!
A jackal is nearby!
Aim: a jackal (hasn't noticed you)
The zap hits the jackal.
The jackal barks!
You hear a bark! x2
You can't see any susceptible monsters within range! (Use Z to cast anyway.)
You can't see any susceptible monsters within range! (Use Z to cast anyway.)
You can't see any susceptible monsters within range! (Use Z to cast anyway.)
A jackal comes into view.
The jackal moves out of view.
The jackal is too close now for your liking.
A jackal is nearby!
A jackal is nearby!
Aim: a jackal The zap hits the jackal.
A centaur comes into view.
Aim: a jackal (almost dead)
The zap misses the jackal.
The jackal barely misses you.
Aim: a jackal (almost dead)
The zap hits the jackal.
You kill the jackal!
Aim: a jackal (severely wounded)
The zap misses the jackal.
The jackal bites you. The jackal barely misses you.
Aim: a jackal (severely wounded)
The zap hits the jackal.
You kill the jackal!
The centaur wields a cursed -2 shortbow.
The centaur shoots an arrow.
The arrow hits you!
Ouch! That really hurt!
* * * LOW HITPOINT WARNING * * *
A jackal comes into view.
The centaur hits you with a cursed -2 shortbow.
* * * LOW HITPOINT WARNING * * *
The jackal barks!
You see here a jackal corpse.
You scratch the centaur but do no damage.
The centaur hits you with a cursed -2 shortbow.
You die...
The jackal barely misses you. The centaur barely misses you.
You are now level 3!
You rejoin the land of the living...
Unknown command.

#.#.# #....((.^...)........
####.#.## #....###...##.####...
#....#..# #....# ##.###.# ##.#
.....##.# #....####.###.#####.#
.....##.# #...................#
.....##.# #....#......#.#######
.....##.# #........(....# #
.#.####.#####.....#....#..# #
.#.)..........<.@...).....# #
.######.#####......#..#...#######
.. #.......................... ##
##########....##....######.
#..........# #. #...#..#...# #.
#..........# ## ##..#....#..#
#...........#


There were no monsters in sight!

Vanquished Creatures
  3 adders
  An ooze (D:3)
  3 dart slugs
  2 leopard geckos
  5 orcs
  3 bats
  2 giant cockroaches (D:3)
  4 goblins
  3 hobgoblins
  2 jackals (D:3)
  A quokka (D:3)
  8 frilled lizards
  6 kobolds
  3 rats
46 creatures vanquished.

Notes
Turn   | Place    | Note
-------+----------+-------------------------------------------
     0 | D:1      | vurker the Felid Air Elementalist began the quest for the
                  | Orb.
     0 | D:1      | Reached XP level 1. HP: 7/7 MP: 4/4
   117 | D:1      | Reached skill level 1 in Conjurations
   246 | D:1      | Reached XP level 2. HP: 12/12 MP: 0/6
   864 | D:2      | Found a glowing golden altar of the Shining One.
   883 | D:2      | Reached skill level 3 in Air Magic
  1125 | D:2      | Reached XP level 3. HP: 4/15 MP: 0/7
  1201 | D:2      | Found a blossoming altar of Fedhas.
  1410 | D:2      | Found a faded altar of an unknown god.
  1560 | D:2      | Found a glowing silver altar of Zin.
  1631 | D:2      | Found a burning altar of Makhleb.
  1670 | D:2      | Learned a level 2 spell: Blink
  1699 | D:2      | Reached skill level 1 in Fighting
  2651 | D:3      | Reached XP level 4. HP: 16/19 MP: 0/9
  3043 | D:3      | Noticed a centaur
  3049 | D:3      | Slain by a centaur
  3050 | D:3      | Reached XP level 3. HP: -5/15 MP: 4/8
  3050 | D:3      | Quit the game

Levels and vault maps discovered:
D:1:      dpeg_arrival_tiny_k, layout_basic, chequers_big_river
D:2:      cheibrodos_old_hovel, layout_basic, old_standard_altar,
          nicolae_overflow_crystal_walls, lemuel_crystal_altar, zin_treasury,
          chequers_ecumenical_altar_simple
D:3:      layout_loops_ring, minmay_misc_feat_more_columns,
          minmay_tree_intersection, minmay_vboxes, uniq_jessica, uniq_grinder

Skill      XL: |  1  2  3 |
---------------+----------+-----
Conjurations   | 1 |  1.5
Air Magic      | 3 |  3.5
Fighting       | 1 |  1.3
Dodging        | |  2.6
Stealth        | |  2.6
Spellcasting   | |  2.9

Action                   |  1- 3 |  4- 6 || total
-------------------------+-------+-------++-------
Melee: Unarmed           |     5 |     5 ||    10
 Cast: Shock             |    86 |    20 ||   106
  Use: Potion            |     1 |       ||     1
  Eat: Chunk             |    11 |       ||    11
Armor: Skin              |     2 |       ||     2
Dodge: Dodged            |    30 |     9 ||    39

Table legend:
 A = Non-vault XP
 B = Vault XP
 C = Vault XP percentage of total XP
 D = Non-vault monster count
 E = Vault monster count
 F = Vault count percentage of total count
                 A         B        C        D         E       F
            +---------+---------+-------+---------+---------+-------
      Total |     105 |      22 |  17.3 |      40 |       6 |  13.0
            +---------+---------+-------+---------+---------+-------
        D:1 |      19 |       0 |   0.0 |      11 |       0 |   0.0
        D:2 |      44 |       1 |   2.2 |      10 |       1 |   9.1
        D:3 |      42 |      21 |  33.3 |      19 |       5 |  20.8
            +---------+---------+-------+---------+---------+-------
